 Dungeon Crawl Stone Soup version 0.29-a0-284-gf9362112df (webtiles) character file.

Game seed: 4094882472103478808

35 ders the Magician (level 3, -1/25 HPs)
             Began as a Djinni Fire Elementalist on Mar 23, 2022.
             Slain by a hobgoblin (2 damage)
             ... on level 2 of the Dungeon.
             The game lasted 00:01:22 (2134 turns).

ders the Magician (Djinni Fire Elementalist)        Turns: 2134, Time: 00:01:22

Health: -1/25      AC:  2    Str:  7    XL:     3   Next: 55%
Gold:   28         EV: 12    Int: 18    God:
                   SH:  0    Dex: 13

rFire   + + .      SeeInvis .   i - staff of earth
rCold   x . .      Faith    .   (no shield)
rNeg    . . .      Spirit   .   a - +0 robe
rPois   ∞          Reflect  .   (no helmet)
rElec   .          Harm     .   (no cloak)
rCorr   .          Rampage  .   (no gloves)
Will    .....                   (boots unavailable)
Stlth   ++........              (no amulet)
HPRegen 0.08/turn               (no ring)
MPRegen 0.00/turn               (no ring)

@: mighty, flying
A: sickness immunity, fire resistance 2, cold vulnerability 1, float, innate
caster, HP casting, extra vitality 1
a: no special abilities


You were on level 2 of the Dungeon.
You visited 1 branch of the dungeon, and saw 2 of its levels.

You collected 28 gold pieces.

Inventory:

Hand Weapons
 f - a +0 vampiric dagger
Armour
 a - a +0 robe (worn)
Magical Staves
 i - a staff of earth (weapon)
Scrolls
 b - a scroll of vulnerability {unknown}
 c - 5 scrolls of identify {unknown}
 e - a scroll of fear {unknown}
 g - 3 scrolls of teleportation {unknown}
 h - a scroll of amnesia {unknown}


   Skills:
 - Level 2.1 Dodging
 - Level 1.5 Stealth
 + Level 3.4 Spellcasting


You couldn't memorise any spells.
You knew the following spells:

 Your Spells              Type           Power      Damage    Failure   Level
a - Foxfire               Conj/Fire      60%        2x1d7     3%          1
b - Scorch                Fire           30%        2d7       6%          2
c - Conjure Flame         Conj/Fire      15%        6-21      12%         3
d - Inner Flame           Hex/Fire       15%        N/A       12%         3
e - Flame Wave            Conj/Fire      15%        2d6       36%         4
f - Apportation           Tloc           30%        N/A       3%          1
Your spell library was empty.

Dungeon Overview and Level Annotations

Branches:
Dungeon (2/15)

Altars:


Innate Abilities, Weirdness & Mutations

You are immune to sickness and miasma.
You are immune to poison.
Your flesh is very heat resistant. (rF++)
You are vulnerable to cold. (rC-)
You float through the air rather than walking.
You learn spells naturally, not from books.
Your magical power is your life essence.
You have superior vitality. (+4 MHP)


Message History

Casting: Foxfire (safe; 3% risk of failure)
Confirm with . or Enter, or press ? or * to list all spells.
There is not enough space to conjure foxfire!
You hit the hobgoblin but do no damage.
The hobgoblin is heavily wounded.
The hobgoblin hits you.
You hit the hobgoblin but do no damage.
The hobgoblin is heavily wounded.
The hobgoblin hits you.
You barely miss the hobgoblin.
The hobgoblin is heavily wounded.
The hobgoblin hits you.
You hit the hobgoblin but do no damage.
The hobgoblin is heavily wounded.
The hobgoblin misses you.
You hit the hobgoblin but do no damage.
The hobgoblin is heavily wounded.
The hobgoblin completely misses you. The hobgoblin hits you.
You closely miss the hobgoblin.
The hobgoblin is heavily wounded.
The hobgoblin closely misses you.
You hit the hobgoblin but do no damage.
The hobgoblin is heavily wounded.
The hobgoblin barely misses you.
You barely miss the hobgoblin.
The hobgoblin is heavily wounded.
The hobgoblin hits you.
* * * LOW HITPOINT WARNING * * *
Casting: Foxfire (safe; 3% risk of failure)
Confirm with . or Enter, or press ? or * to list all spells.
Flames lash the hobgoblin but do no damage.
* * * LOW HITPOINT WARNING * * *
The hobgoblin hits you.
* * * LOW HITPOINT WARNING * * *
The hobgoblin closely misses you.
Unknown command.
It was a potion of might.
You feel very mighty all of a sudden. The hobgoblin hits you.
You die...

....#......##.####.##........
###...##.#....#.......#######
####..##...^..#...#####
.)....#######.#...##
##.##:....)........#
#.#############...#
#...........)§....#
###############g#.# #@#.#
#.#.# #.#.# #†#.# #.# #.# #.#
###### #.# .....#


You could see a hobgoblin.

Vanquished Creatures
  A worm (D:2)
  A dart slug (D:1)
  2 ball pythons
  5 goblins
  6 hobgoblins
  5 quokkas
  2 bats (D:2)
  A kobold (D:1)
  3 rats
26 creatures vanquished.

Vanquished Creatures (others)
  121 foxfires
121 creatures vanquished.

Grand Total: 147 creatures vanquished

Notes
Turn   | Place    | Note
-------+----------+-------------------------------------------
     0 | D:1      | ders the Djinni Fire Elementalist began the quest for the
                  | Orb.
     0 | D:1      | Reached XP level 1. HP: 15/15 MP: 0/0
   496 | D:1      | Reached XP level 2. HP: 13/21 MP: 0/0
   800 | D:1      | Reached skill level 3 in Spellcasting
  1657 | D:2      | Reached XP level 3. HP: 21/25 MP: 0/0
  1657 | D:2      | Learned a level 1 spell: Apportation
  2132 | D:2      | HP: 1/25 [hobgoblin (2)]
  2134 | D:2      | Slain by a hobgoblin

Illustrated notes

Levels and vault maps discovered:
D:1:      dpeg_arrival_pond, layout_loops_ring, hangedman_decor_peaks_small
D:2:      layout_loops_ring, minmay_tree_intersection

Skill      XL: |  1  2 |
---------------+-------+-----
Spellcasting   | 3 |  3.4
Dodging        | |  2.1
Stealth        | |  1.5

Action                   || total
-------------------------++-------
Melee: Unarmed           ||    17
       Dagger            ||     7
       Staff             ||     8
 Cast: Foxfire           ||    71
       Scorch            ||     1
  Use: Potion            ||     1
Armor: Robe              ||     5
Dodge: Dodged            ||    30

Table legend: (Time is in decaauts)
 A = Elapsed time spent in this place.
 B = Non-inter-level travel time spent in this place.
 C = Inter-level travel time spent in this place.
 D = Time resting spent in this place.
 E = Time spent auto-exploring this place.
 F = Levels seen in this place.
 G = Mean time per level.
                   A        B        C        D        E       F      G
               +--------+--------+--------+--------+--------+-----+--------+
         Total |   2134 |   2111 |     23 |      0 |   1872 |   2 | 1067.0 |
       Dungeon |   2134 |   2111 |     23 |      0 |   1872 |   2 | 1067.0 |
               +--------+--------+--------+--------+--------+-----+--------+

Top non-repeatable levels by time:
     D:1: 1430 daAuts
     D:2: 704 daAuts
